 Dungeon Crawl Stone Soup version 0.28-a0-1190-g77e1c55843 (webtiles) character file.

Game seed: 6015332519849639880

3139 Gargoyl the Fighter (level 9, 0/81 HPs)
             Began as a Gnoll Abyssal Knight on Dec 18, 2021.
             Was a Priest of Lugonu.
             Slain by a manticore (6 damage)
             ... on level 6 of the Dungeon.
             The game lasted 00:08:44 (8206 turns).

Gargoyl the Fighter (Gnoll Abyssal Knight)          Turns: 8206, Time: 00:08:44

Health: 0/81       AC: 21    Str: 20    XL:     9   Next: 92%
Magic:  0/16       EV: 13    Int: 10    God:    Lugonu [***...]
Gold:   335        SH:  0    Dex: 13    Spells: 17/17 levels left

rFire   . . .      SeeInvis .   a - +2 hand axe
rCold   . . .      Faith    .   (no shield)
rNeg    . . .      Spirit   +   n - +3 chain mail {rPois}
rPois   +          Reflect  .   (no helmet)
rElec   +          Harm     .   (no cloak)
rCorr   .          Rampage  .   (no gloves)
Will    .....                   k - +1 pair of boots
Stlth   ..........              b - amulet of guardian spirit
HPRegen 0.23/turn               c - +4 ring of protection
MPRegen 0.15/turn               o - ring "Yreroan" {EV+4 Str+4}

@: mighty
A: fangs 1, strong nose, distributed training, iridescent scales 1, robust 1,
electricity resistance
a: Renounce Religion, Depart the Abyss, Bend Space, Banish


You were on level 6 of the Dungeon.
You worshipped Lugonu.
Lugonu was most pleased with you.
You visited 1 branch of the dungeon, and saw 7 of its levels.
You visited the Abyss 1 time.

You collected 335 gold pieces.

Inventory:

Hand Weapons
 a - a +2 hand axe (weapon)
 d - a +1 dagger of venom
Missiles
 g - 2 throwing nets
 h - 66 poisoned darts
 l - 6 curare-tipped darts (quivered)
Armour
 j - the +0 crystal plate armour "Lept" {rElec}
   (You acquired it on level 6 of the Dungeon)

   rElec:     It insulates you from electricity.
 k - a +1 pair of boots (worn)
 n - a +3 chain mail of poison resistance (worn)
Jewellery
 b - an amulet of guardian spirit (around neck)
 c - a +4 ring of protection (left hand)
 o - the ring "Yreroan" (right hand) {EV+4 Str+4}
   (You found it on level 5 of the Dungeon)

   [ring of evasion]

   EV:        It affects your evasion (+4).
   Str:       It affects your strength (+4).
Wands
 f - a wand of iceblast (6)
Scrolls
 m - a scroll of identify
 u - a scroll of amnesia {unknown}
Potions
 e - a potion of might
 r - a potion of lignification {unknown}


   Skills:
 + Level 8.1 Fighting
 + Level 4.7 Short Blades
 + Level 4.7 Long Blades
 + Level 6.6 Axes
 + Level 4.7 Maces & Flails
 + Level 4.7 Polearms
 + Level 4.7 Staves
 + Level 4.7 Slings
 + Level 4.7 Bows
 + Level 4.7 Crossbows
 + Level 4.7 Throwing
 + Level 6.6 Armour
 + Level 5.4 Dodging
 + Level 4.7 Stealth
 + Level 4.7 Shields
 + Level 4.7 Unarmed Combat
 + Level 4.7 Spellcasting
 + Level 3.9 Conjurations
 + Level 3.9 Hexes
 + Level 3.9 Summonings
 + Level 3.9 Necromancy
 + Level 3.9 Translocations
 + Level 3.9 Transmutations
 + Level 3.9 Fire Magic
 + Level 3.9 Ice Magic
 + Level 3.9 Air Magic
 + Level 3.9 Earth Magic
 + Level 3.9 Poison Magic
 + Level 7.0 Invocations
 + Level 4.7 Evocations


You had 17 spell levels left.
You didn't know any spells.
Your spell library contained the following spells:

 Spells                   Type           Power      Damage    Failure   Level
 Foxfire                  Conj/Fire      40%        2x1d6     38%         1
 Pain                     Necr           40%        1d6       38%         1
 Slow                     Hex            40%        N/A       38%         1
 Confusing Touch          Hex            10%        N/A       77%         3
 Conjure Flame            Conj/Fire      10%        6-21      77%         3
 Inner Flame              Hex/Fire       10%        N/A       77%         3
 Ozocubu's Armour         Ice            10%        N/A       77%         3
 Flame Wave               Conj/Fire      10%        2d5       99%         4
 Agony                    Necr           10%        N/A       100%        5
 Excruciating Wounds      Necr           5%         N/A       100%        5
 Yara's Violent Unravell  Hex/Tmut       5%         3d4       100%        5
 Ozocubu's Refrigeration  Ice            5%         4d6       100%        7


Dungeon Overview and Level Annotations

Branches:
Dungeon (7/15)
 Temple: D:4-7

Altars:
Gozag
Uskayaw

Shops:
D:5 *


Innate Abilities, Weirdness & Mutations

You have very sharp teeth.
Your uncanny sense of smell can sniff out nearby items.
Your experience applies equally to all skills.
You are partially covered in iridescent scales. (AC +2)
You are robust. (+10% HP)
You are resistant to electric shocks. (rElec)


Message History

* * * LOW HITPOINT WARNING * * *
The manticore barely misses you. The manticore misses you.
Your Invocations skill increases to level 7!
You feel very mighty all of a sudden. The manticore barely misses you.
The manticore claws you but does no damage.
The manticore closely misses you.
You hit the manticore but do no damage.
The manticore is moderately wounded.
The manticore bites you but does no damage.
The manticore claws you but does no damage. x2
You barely miss the manticore.
The manticore is moderately wounded.
The manticore bites you!
* * * LOW HITPOINT WARNING * * *
The manticore closely misses you. x2
You hit the manticore.
The manticore is moderately wounded.
The manticore misses you. The manticore closely misses you.
The manticore barely misses you.
You barely miss the manticore.
The manticore is moderately wounded.
The manticore bites you but does no damage.
The manticore claws you but does no damage. x2
You slash the manticore!
The manticore is heavily wounded.
The manticore bites you but does no damage.
The manticore claws you but does no damage.
The manticore claws you.
* * * LOW HITPOINT WARNING * * *
You feel better. The manticore bites you!
* * * LOW HITPOINT WARNING * * *
The manticore misses you.
The manticore claws you but does no damage.
It was a potion of mutation.
You feel extremely strange.
You feel insulated.
Iridescent scales grow over part of your body.
You feel robust. The manticore bites you!
You die...

##.## ##.##.####.## #......#
#.## ##.#.......# #..###.#
##.## ##..........#
#..###<####
##.###.##........###.)........
##.#..##....#................
#....##........###..........
#.#.###........# #.......###
#.#.###...ยง.H..# #.......#
#.......#.)@(..# #.#...#.#
###.#####.####.# #.......# #.#
#.......######.#### #.#
#..#...........#
#.####..#.##.########
#.........##.# ######.......#
#.#####.# ###### #.......#
#.....


You could see a manticore.

Vanquished Creatures
  Sigmund (D:6)
  A wyvern (D:6)
  A vampire mosquito (D:6)
  Edmund (D:6)
  An ice beast (D:6)
  2 ogres
  A hornet zombie (D:5)
  3 kobold brigands
  3 bullfrogs (D:6)
  3 scorpions (D:4)
  2 howler monkeys
  2 bullfrog zombies (D:5)
  2 centaur zombies
  2 jellies
  2 centaur skeletons
  A gnoll shaman (D:7)
  A bullfrog skeleton (D:4)
  4 hounds
  3 iguanas
  4 orc priests
  A killer bee zombie (D:5)
  2 hound skeletons (D:4)
  A howler monkey skeleton (D:4)
  7 gnolls
  8 adders
  2 white imps
  An ufetubus (D:6)
  3 worms
  An adder skeleton (D:4)
  A dart slug (D:2)
  14 orcs
  4 ball pythons
  5 bats
  5 endoplasms
  A giant cockroach (D:1)
  13 goblins
  8 hobgoblins
  6 jackals (D:1)
  5 quokkas
  3 frilled lizards
  16 kobolds
  8 rats
155 creatures vanquished.

Notes
Turn   | Place    | Note
-------+----------+-------------------------------------------
     0 | Abyss:1  | Gargoyl the Gnoll Abyssal Knight began the quest for the
                  | Orb.
     0 | Abyss:1  | Reached XP level 1. HP: 23/23 MP: 3/3
     7 | Abyss:1  | Found a basalt altar of Yredelemnul.
    50 | Abyss:1  | Found a corrupted altar of Lugonu.
   108 | Abyss:1  | Noticed a large abomination
   112 | Abyss:1  | Noticed a large abomination
   112 | Abyss:1  | Noticed a raiju
   115 | D:1      | Escaped the Abyss
   545 | D:1      | Found a faded altar of an unknown god.
   581 | D:1      | Reached XP level 2. HP: 27/29 MP: 5/5
   946 | D:1      | Reached * piety under Lugonu
  1160 | D:2      | Found an opulent altar of Gozag.
  1176 | D:2      | Reached XP level 3. HP: 35/35 MP: 6/6
  1407 | D:2      | Reached skill level 1 in Short Blades
  1407 | D:2      | Reached skill level 1 in Long Blades
  1407 | D:2      | Reached skill level 1 in Maces & Flails
  1407 | D:2      | Reached skill level 1 in Polearms
  1407 | D:2      | Reached skill level 1 in Staves
  1407 | D:2      | Reached skill level 1 in Slings
  1407 | D:2      | Reached skill level 1 in Bows
  1407 | D:2      | Reached skill level 1 in Crossbows
  1407 | D:2      | Reached skill level 1 in Throwing
  1407 | D:2      | Reached skill level 1 in Stealth
  1407 | D:2      | Reached skill level 1 in Shields
  1407 | D:2      | Reached skill level 1 in Unarmed Combat
  1407 | D:2      | Reached skill level 1 in Spellcasting
  1407 | D:2      | Reached skill level 1 in Evocations
  1413 | D:2      | Reached XP level 4. HP: 33/41 MP: 7/7
  1821 | D:3      | Noticed an ogre
  1969 | D:3      | Reached skill level 1 in Conjurations
  1969 | D:3      | Reached skill level 1 in Hexes
  1969 | D:3      | Reached skill level 1 in Summonings
  1969 | D:3      | Reached skill level 1 in Necromancy
  1969 | D:3      | Reached skill level 1 in Translocations
  1969 | D:3      | Reached skill level 1 in Transmutations
  1969 | D:3      | Reached skill level 1 in Fire Magic
  1969 | D:3      | Reached skill level 1 in Ice Magic
  1969 | D:3      | Reached skill level 1 in Air Magic
  1969 | D:3      | Reached skill level 1 in Earth Magic
  1969 | D:3      | Reached skill level 1 in Poison Magic
  2065 | D:3      | You fall into a shaft and drop 3 floors!
  2081 | D:6      | Reached XP level 5. HP: 40/47 MP: 8/8
  2315 | D:5      | Entered Level 5 of the Dungeon
  2495 | D:5      | Reached skill level 5 in Invocations
  2495 | D:5      | Reached XP level 6. HP: 18/53 MP: 9/9
  2705 | D:5      | Found Nasasext's Antique Armour Emporium.
  2770 | D:4      | Reached ** piety under Lugonu
  2873 | D:4      | Found a hide-covered altar of Uskayaw.
  2873 | D:4      | Noticed a +0 hand axe
  2873 | D:4      | Noticed a +0 hand axe
  2891 | D:4      | Reached skill level 5 in Axes
  2891 | D:4      | Reached skill level 5 in Armour
  3272 | D:3      | Reached skill level 7 in Fighting
  3272 | D:3      | Reached XP level 7. HP: 21/60 MP: 5/10
  3844 | D:3      | HP: 2/60 [poisoned by a kobold brigand]
  4632 | D:4      | Reached XP level 8. HP: 51/67 MP: 12/12
  4929 | D:4      | Reached *** piety under Lugonu
  5454 | D:5      | Found Ifen's Assorted Antiques.
  5722 | D:5      | Identified the ring "Yreroan" {EV+4 Str+4}
  6353 | D:6      | Noticed Sigmund
  6373 | D:6      | Killed Sigmund
  6451 | D:6      | Noticed Edmund
  6464 | D:6      | Killed Edmund
  6921 | D:6      | Reached XP level 9. HP: 65/72 MP: 12/14
  7303 | D:7      | Noticed a cyclops
  7322 | D:7      | Noticed a gargoyle
  7662 | D:7      | Noticed a manticore
  7662 | D:7      | Noticed a hornet
  7664 | D:6      | Banished a gargoyle
  7665 | D:6      | Reached skill level 5 in Dodging
  7898 | D:6      | Reached skill level 8 in Fighting
  8126 | D:6      | Identified a scroll of acquirement
  8126 | D:6      | Acquired the +0 crystal plate armour "Lept" {rElec}
  8198 | D:6      | Banished a cyclops
  8206 | D:6      | Gained mutation: You are resistant to electric shocks.
                  | (rElec) [potion of mutation]
  8206 | D:6      | Gained mutation: You are partially covered in iridescent
                  | scales. (AC +2) [potion of mutation]
  8206 | D:6      | Gained mutation: You are robust. (+10% HP) [potion of
                  | mutation]
  8206 | D:6      | Slain by a manticore

Illustrated notes

Levels and vault maps discovered:
D:1:      ebering_trefoil_3fold, layout_basic,
          ebering_ecumenical_altar_sacrificial
D:2:      layout_basic, basic_altar, minivault_14
D:3:      cheibrodos_thug_alley, layout_rooms, minmay_ogre_servants
D:4:      layout_basic, dancing_weapons_uskayaw, enter_ossuary_5
D:5:      layout_basic, serial_shops, shop, nicolae_shop_overgrown_old_shop
D:6:      layout_loops_cross, nrook_mini_vaults, wad_floor_pattern_untrapped,
          st_stairs_3, uniq_edmund, uniq_sigmund
D:7:      nzn_winding_woodlands_stair_cross [nzn_winding_woodlands_5x15_eye,
          nzn_winding_woodlands_center_pierced_h,
          nzn_winding_woodlands_5x15_pool, nzn_winding_woodlands_5x5_cross,
          nzn_winding_woodlands_hourglass,
          nzn_winding_woodlands_5x15_split_checker,
          nzn_winding_woodlands_center_diamonds,
          nzn_winding_woodlands_5x15_lazy_stream], layout_basic,
          minmay_temple_entry_glassed_door, enter_bailey_2,
          minmay_fire_ice_demons

Skill      XL: |  1  2  3  4  5  6  7  8  9 |
---------------+----------------------------+-----
Short Blades   | 1 2 3 4 |  4.7
Long Blades    | 1 2 3 4 |  4.7
Maces & Flails | 1 2 3 4 |  4.7
Polearms       | 1 2 3 4 |  4.7
Staves         | 1 2 3 4 |  4.7
Slings         | 1 2 3 4 |  4.7
Bows           | 1 2 3 4 |  4.7
Crossbows      | 1 2 3 4 |  4.7
Throwing       | 1 2 3 4 |  4.7
Stealth        | 1 2 3 4 |  4.7
Shields        | 1 2 3 4 |  4.7
Unarmed Combat | 1 2 3 4 |  4.7
Spellcasting   | 1 2 3 4 |  4.7
Evocations     | 1 2 3 4 |  4.7
Conjurations   | 1 2 3 |  3.9
Hexes          | 1 2 3 |  3.9
Summonings     | 1 2 3 |  3.9
Necromancy     | 1 2 3 |  3.9
Translocations | 1 2 3 |  3.9
Transmutations | 1 2 3 |  3.9
Fire Magic     | 1 2 3 |  3.9
Ice Magic      | 1 2 3 |  3.9
Air Magic      | 1 2 3 |  3.9
Earth Magic    | 1 2 3 |  3.9
Poison Magic   | 1 2 3 |  3.9
Dodging        | 3 4 5 |  5.4
Invocations    | 5 6 7 |  7.0
Axes           | 5 6 |  6.6
Armour         | 5 6 |  6.6
Fighting       | 7 8 |  8.1

Action                   |  1- 3 |  4- 6 |  7- 9 || total
-------------------------+-------+-------+-------++-------
Melee: Hand axe          |    92 |   152 |   173 ||   417
       Bite              |     6 |    12 |    78 ||    96
       Punch             |       |     1 |    10 ||    11
       Dagger            |       |       |   425 ||   425
Throw: Dart              |       |     4 |       ||     4
Invok: Depart the Abyss  |     1 |       |       ||     1
       Banish            |       |       |     2 ||     2
  Use: Scroll            |     3 |     2 |     5 ||    10
       Potion            |       |       |     8 ||     8
 Stab: Sleeping          |       |     1 |     1 ||     2
Armor: Leather armour    |    60 |    37 |       ||    97
       Ring mail         |       |    41 |   106 ||   147
       Chain mail        |       |       |   177 ||   177
       Plate armour      |       |       |    38 ||    38
Dodge: Dodged            |   104 |   142 |   387 ||   633

Table legend: (Time is in decaauts)
 A = Elapsed time spent in this place.
 B = Non-inter-level travel time spent in this place.
 C = Inter-level travel time spent in this place.
 D = Time resting spent in this place.
 E = Time spent auto-exploring this place.
 F = Levels seen in this place.
 G = Mean time per level.
                   A        B        C        D        E       F      G
               +--------+--------+--------+--------+--------+-----+--------+
         Total |   8171 |   7916 |    255 |   1731 |   4411 |   8 | 1021.4 |
       Dungeon |   8056 |   7801 |    255 |   1731 |   4313 |   7 | 1150.9 |
         Abyss |    114 |    114 |      0 |      0 |     98 |   1 |  114.0 |
               +--------+--------+--------+--------+--------+-----+--------+

Top non-repeatable levels by time:
     D:6: 1995 daAuts
     D:5: 1701 daAuts
     D:3: 1434 daAuts
     D:4: 1166 daAuts
     D:1: 1018 daAuts
     D:2: 655 daAuts
 Abyss:1: 114 daAuts
     D:7: 84 daAuts
